 Dungeon Crawl Stone Soup version 0.22-a0-605-g9281fa2 (webtiles) character file.

99 Amnesiac the Ducker (level 4, 0/23 HPs)
             Began as a Spriggan Transmuter on July 8, 2018.
             Succumbed to a worker ant's poison
             ... on level 4 of the Dungeon.
             The game lasted 00:04:05 (2881 turns).

Amnesiac the Ducker (Spriggan Transmuter)           Turns: 2881, Time: 00:04:06

Health: 0/23       AC:  6    Str:  6    XL:     4   Next: 45%
Magic:  1/10       EV: 14    Int: 15    God:
Gold:   67         SH:  0    Dex: 16    Spells: 6/9 levels left

rFire    + . .     SeeInvis +     - Unarmed
rCold    + + .     Gourm    .   (shield restricted)
rNeg     . . .     Faith    .   b - +0 robe
rPois    +         Spirit   +   g - +2 hat
rElec    .         Reflect  .   j - scarf {rC+ rF+}
rCorr    .         Harm     .   (gloves unavailable)
MR       .....                  (boots unavailable)
Stlth    +.........             c - amulet of guardian spirit
HPRegen  0.07/turn              e - -5 ring of evasion (curse)
MPRegen  0.12/turn              k - ring of protection from cold (curse)

@: lethally poisoned (0 -> -3), very quick
A: very small, unfitting armour, slimy green scales 1, see invisible, herbivore,
speed 3, high mp 1, poison resistance, slow metabolism 2
a: no special abilities


You were on level 4 of the Dungeon.
You were hungry.

You visited 1 branch of the dungeon, and saw 4 of its levels.

You collected 67 gold pieces.

Inventory:

Missiles
 a - 69 arrows
Armour
 b - a +0 robe (worn)
 g - a +2 hat (worn)
 j - a scarf of resistance (worn)
Jewellery
 c - an amulet of guardian spirit (around neck)
 e - a cursed -5 ring of evasion (left hand)
 i - an uncursed ring of poison resistance
 k - a cursed ring of protection from cold (right hand)
Scrolls
 h - a scroll of identify {!r}
Potions
 f - a potion of cancellation {!q}
Comestibles
 d - 5 rations


   Skills:
 + Level 2.1 Fighting
 - Level 4.3 Dodging
 - Level 2.9 Unarmed Combat
 - Level 3.2 Spellcasting
 - Level 3.0 Transmutations


You had 6 spell levels left.
You knew the following spells:

 Your Spells              Type           Power        Failure   Level  Hunger
a - Beastly Appendage     Tmut           ##....       6%          1    #......
b - Sticks to Snakes      Tmut           ##......     9%          2    ##.....

Your spell library contained the following spells:

 Spells                   Type           Power        Failure   Level  Hunger
 Spider Form              Tmut/Pois      #.........   32%         3    ###....
 Blade Hands              Tmut           ##........   85%         5    ######.
 Ice Form                 Ice/Tmut       #.......     71%         4    #####..


Dungeon Overview and Level Annotations

Branches:
Dungeon (4/15)
 Temple: D:4-7

Altars:


Innate Abilities, Weirdness & Mutations

You are very small and have problems with some larger weapons.
You are too small for most types of armour.
You have supernaturally acute eyesight. (SInv)
You are a herbivore.
You cover ground extremely quickly.
You need to consume almost no food.
You are partially covered in slimy green scales. (AC +2)
You have an increased reservoir of magic. (+10% MP)
Your system is resistant to poisons. (rPois)


Message History

A scorpion comes into view.
What are your orders? t - Shout!
Orders for allies: a - Attack new target. r - Retreat! s - Stop attacking. g - Guard the area. f - Follow me.
Anything else - Cancel.
Gang up on whom?
Press: ? - help, Dir - move target cursor, f - scorpion
Aim: a scorpion Attack!
* * * LOW HITPOINT WARNING * * *
You feel sick.
Casting: Beastly Appendage (safe; 6% risk of failure)
Confirm with . or Enter, or press ? or * to list all spells.
You create a snake!
You now have 70 arrows.
Your talons disappear.
* * * LOW HITPOINT WARNING * * *
You feel sick.
Casting: Sticks to Snakes (safe; 9% risk of failure)
Confirm with . or Enter, or press ? or * to list all spells.
You create a snake!
You now have 69 arrows.
You are feeling hungry.
The scorpion stings your adder! What are your orders? t - Shout!
Orders for allies: a - Attack new target. p - Attack previous target. r - Retreat! s - Stop attacking. g - Guard the area. f - Follow me.
Anything else - Cancel.
Gang up on whom?
Press: ? - help, Dir - move target cursor, f/p - scorpion
Aim: a scorpion (lightly wounded) Attack!
* * * LOW HITPOINT WARNING * * *
You feel sick. The scorpion stings your adder.
Your adder dies!
Casting: Sticks to Snakes (safe; 9% risk of failure)
Confirm with . or Enter, or press ? or * to list all spells.
You don't have enough magic to cast that spell.
Unknown command.
Your ball python grabs the scorpion.
Your ball python constricts the scorpion.
The scorpion misses your adder.
Your ball python constricts the scorpion.
The scorpion stings your adder.
Your ball python constricts the scorpion.
* * * LOW HITPOINT WARNING * * *
You feel sick. The scorpion stings your adder.
Your ball python constricts the scorpion.
The scorpion is poisoned.
Your adder poisons the scorpion!
The scorpion stings your adder!
Your adder dies!
Your ball python constricts the scorpion.
The scorpion dies!
Your Fighting skill increases to level 2!
Your ball python looks stronger.
Unknown command.
Okay, then.
Okay, then.
Okay, then.
Okay, then.
There is a lethal amount of poison in your body!
You die...

#......#..#
##.?.......#
#.......#).####
#.............#
#.......S.>...#
#.............#
#.......#######
#.......#
#......@#
#######.# #.# #.#
#.# #.# #.#
################.#
.................#


You could see a friendly ball python.

Vanquished Creatures
  An adder skeleton (D:4)
  4 dart slugs
  2 leopard geckos (D:1)
  4 giant cockroaches
  5 goblins
  9 hobgoblins
  3 jackals (D:1)
  4 kobolds
  A quokka (D:2)
  A ball python (D:2)
  2 bats
  3 frilled lizards
  3 rats (D:1)
42 creatures vanquished.

Vanquished Creatures (collateral kills)
  A scorpion (D:4)
  A worker ant (D:4)
  A worm (D:2)
3 creatures vanquished.

Grand Total: 45 creatures vanquished

Notes
Turn   | Place    | Note
-------+----------+-------------------------------------------
     0 | D:1      | Amnesiac the Spriggan Transmuter began the quest for the Orb.
     0 | D:1      | Reached XP level 1. HP: 9/9 MP: 5/5
   516 | D:1      | Reached skill level 1 in Fighting
   547 | D:1      | Reached XP level 2. HP: 7/14 MP: 2/6
   702 | D:1      | Learned a level 2 spell: Sticks to Snakes
  1252 | D:1      | Reached skill level 4 in Dodging
  1437 | D:1      | Reached XP level 3. HP: 11/18 MP: 6/8
  2861 | D:4      | Reached XP level 4. HP: 5/23 MP: 3/9
  2862 | D:4      | Gained mutation: You have an increased reservoir of magic. (+10% MP) [potion of mutation]
  2862 | D:4      | Gained mutation: You are partially covered in slimy green scales. (AC +2) [potion of mutation]
  2862 | D:4      | Gained mutation: Your system is resistant to poisons. (rPois) [potion of mutation]
  2876 | D:4      | HP: 1/23 [poisoned by a worker ant]
  2881 | D:4      | Succumbed to a worker ant's poison

Vault maps used:
D:1:      minmay_arrival_widening_spiral_wide
D:3:      ebering_ghost_sewer_f, hangedman_feature_mirror
D:4:      first_ration, portal_sewer_entry_e

Skill      XL: |  1  2  3  4 |
---------------+-------------+-----
Fighting       | 1 2 |  2.1
Transmutations | 3 |  3.0
Spellcasting   | 3 |  3.2
Dodging        | 4 |  4.3
Unarmed Combat | |  2.9

Action                   |  1- 3 |  4- 6 || total
-------------------------+-------+-------++-------
Melee: Unarmed           |   208 |       ||   208
       Headbutt          |    18 |       ||    18
       Kick              |    22 |       ||    22
       Punch             |     3 |       ||     3
 Cast: Beastly Appendage |    33 |       ||    33
       Sticks to Snakes  |     4 |     2 ||     6
  Use: Scroll            |     1 |       ||     1
       Potion            |       |     1 ||     1
 Stab: Sleeping          |     3 |       ||     3
       Distracted        |     1 |       ||     1
Armor: Robe              |    21 |       ||    21
Dodge: Dodged            |   124 |       ||   124

Table legend:
 A = Spawn XP
 B = Non-spawn XP
 C = Spawn XP percentage of total XP
 D = Spawn monster count
 E = Non-spawn monster count
 F = Spawn count percentage of total count
 G = Total turns spent on level
                    A         B        C        D         E        F      G
               +---------+---------+-------+---------+---------+-------+---------
         Total |       0 |     142 |   0.0 |       0 |      45 |   0.0 |  2881
               +---------+---------+-------+---------+---------+-------+---------
           D:1 |       0 |      54 |   0.0 |       0 |      26 |   0.0 |  1768
           D:2 |       0 |      27 |   0.0 |       0 |      14 |   0.0 |   869
           D:3 |       0 |       4 |   0.0 |       0 |       2 |   0.0 |    49
           D:4 |       0 |      57 |   0.0 |       0 |       3 |   0.0 |   195
               +---------+---------+-------+---------+---------+-------+---------
